 Dungeon Crawl Stone Soup version 0.29-a0-121-g8efb068a30 (webtiles) character file.

Game seed: 1822299289742343565

15313 ZeroWinrate the Fighter (level 12, -4/103 HPs)
             Began as a Gnoll Wanderer on Feb 20, 2022.
             Was an Initiate of Gozag.
             Slain by a boulder beetle (40 damage)
             ... on level 12 of the Dungeon.
             The game lasted 00:45:05 (23242 turns).

ZeroWinrate the Fighter (Gnoll Wanderer)           Turns: 23242, Time: 00:45:06

Health: -4/103     AC: 13    Str: 20    XL:     12   Next: 25%
Magic:  20/22      EV: 11    Int: 15    God:    Gozag
Gold:   513        SH:  5    Dex: 10    Spells: 2/25 levels left

rFire   . . .      SeeInvis +   a - +7 falchion (chaos)
rCold   + . .      Faith    .   D - +0 buckler
rNeg    . . .      Spirit   .   F - +0 plate armour of Polish {rC+ Str+5 Stlth-}
rPois   .          Reflect  .   (no helmet)
rElec   .          Harm     .   (no cloak)
rCorr   .          Rampage  .   (no gloves)
Will    .....                   (no boots)
Stlth   ..........              p - amulet of the acrobat
HPRegen 0.27/turn               G - ring of see invisible
MPRegen 0.18/turn               J - +4 ring of evasion

@: very slightly contaminated
A: fangs 1, strong nose, distributed training
a: Renounce Religion, Potion Petition, Call Merchant, Bribe Branch


You were on level 12 of the Dungeon.
You worshipped Gozag.
Gozag was pleased with you.
You visited 2 branches of the dungeon, and saw 13 of its levels.
You also visited: Sewer.

You collected 2357 gold pieces.
You spent 1068 gold pieces at shops.
You paid 776 gold pieces to Gozag.

Inventory:

Hand Weapons
 a - a +7 falchion of chaos (weapon)
Missiles
 f - 9 boomerangs
 n - 39 poisoned darts (quivered)
Armour
 D - a +0 buckler (worn)
 F - the +0 plate armour of Polish (worn) {rC+ Str+5 Stlth-}
   (You bought it in a shop in the Ecumenical Temple)

   Str:       It affects your strength (+5).
   rC:        It protects you from cold.
   Stlth:     It makes you less stealthy.
Jewellery
 p - an amulet of the acrobat (around neck)
 t - a ring of fire
 G - a ring of see invisible (left hand)
 H - a ring of protection from cold
 J - a +4 ring of evasion (right hand)
 N - a ring of protection from fire
 Q - a ring of positive energy
Wands
 K - a wand of flame (10)
Scrolls
 b - 2 scrolls of amnesia
 k - a scroll of vulnerability
 l - a scroll of blinking
 o - 3 scrolls of fear
 q - a scroll of silence
 y - 3 scrolls of immolation
 z - 2 scrolls of fog {unknown}
 A - 3 scrolls of holy word {unknown}
 B - 6 scrolls of teleportation
 C - 3 scrolls of magic mapping
 E - 2 scrolls of enchant armour {unknown}
 M - a scroll of acquirement {unknown}
 P - a scroll of noise {unknown}
Potions
 c - 2 potions of lignification {unknown}
 d - 2 potions of magic {unknown}
 e - a potion of berserk rage
 g - a potion of attraction {unknown}
 h - 8 potions of flight {unknown}
 i - 4 potions of haste {unknown}
 j - 3 potions of might
 m - 2 potions of degeneration {unknown}
 r - 2 potions of mutation {unknown}
 u - a potion of invisibility {unknown}
 w - 3 potions of heal wounds {unknown}
 x - 4 potions of curing
 I - a potion of brilliance {unknown}


   Skills:
 + Level 12.5 Fighting
 + Level 7.1 Short Blades
 + Level 9.7 Long Blades
 + Level 7.1 Axes
 + Level 7.1 Maces & Flails
 + Level 7.1 Polearms
 + Level 7.1 Staves
 + Level 7.1 Slings
 + Level 7.1 Bows
 + Level 7.1 Crossbows
 + Level 7.1 Throwing
 + Level 7.1 Armour
 + Level 7.1 Dodging
 + Level 7.5 Stealth
 + Level 7.1 Shields
 + Level 7.6 Unarmed Combat
 + Level 7.1 Spellcasting
 + Level 5.9 Conjurations
 + Level 5.9 Hexes
 + Level 5.9 Summonings
 + Level 5.9 Necromancy
 + Level 5.9 Translocations
 + Level 5.9 Transmutations
 + Level 5.9 Fire Magic
 + Level 5.9 Ice Magic
 + Level 5.9 Air Magic
 + Level 5.9 Earth Magic
 + Level 5.9 Poison Magic
 + Level 7.8 Invocations
 + Level 7.1 Evocations


You had 2 spell levels left.
You knew the following spells:

 Your Spells              Type           Power      Damage    Failure   Level
a - Poisonous Vapours     Pois/Air       46%        N/A       43%         2
b - Fireball              Conj/Fire      11%        3d7       100%        5
c - Manifold Assault      Tloc           23%        N/A       100%        5
d - Blink                 Tloc           46%        N/A       43%         2
e - Animate Armour        Summ/Erth      46%        N/A       97%         4
f - Summon Lightning Spi  Summ/Air       23%        N/A       97%         4
g - Freeze                Ice            92%        1d10      30%         1

Your spell library contained the following spells:

 Spells                   Type           Power      Damage    Failure   Level
 Corpse Rot               Necr/Air       46%        N/A       43%         2
 Sublimation of Blood     Necr           23%        N/A       43%         2
 Wereblood                Tmut           23%        N/A       43%         2
 Frozen Ramparts          Ice            46%        1d6       67%         3
 Hailstorm                Conj/Ice       23%        3d7       97%         4
 Blade Hands              Tmut           11%        N/A       100%        5
 Iskenderun's Battlesphe  Conj           23%        2d8       100%        5
 Conjure Ball Lightning   Conj/Air       11%        3x3d6     100%        6
 Iron Shot                Conj/Erth      11%        9d3       100%        6
 Orb of Destruction       Conj           11%        9d6       100%        7
 Storm Form               Tmut/Air       11%        N/A       100%        7
 Summon Hydra             Summ           11%        N/A       100%        7
 Maxwell's Capacitive Co  Air            11%        ∞         100%        8


Dungeon Overview and Level Annotations

Branches:
Dungeon (12/15)            Temple (1/1) D:4            Lair (0/6) D:10
  Sewer (visited)
    Orc: D:9-12

Altars:
Ashenzari
Cheibriados
Dithmenos
Elyvilon
Fedhas
Gozag
Hepliaklqana
Kikubaaqudgha
Makhleb
Nemelex Xobeh
Okawaru
Qazlal
Ru
Sif Muna
Trog
Uskayaw
Vehumet
Wu Jian
Xom
Yredelemnul
Zin
The Shining One
Beogh

Shops:
D:1 :   D:2 [   Temple [

Annotations:
D:9 3 runed translucent doors, exclusion: obsidian statue, Cecur's ghost, novice DsFE


Innate Abilities, Weirdness & Mutations

You have very sharp teeth.
Your uncanny sense of smell can sniff out nearby items.
Your experience applies equally to all skills.


Message History

[the floor.]
Okay, then.
You enter the shallow water.
Moving in this stuff is going to be slow.
The boulder beetle curls into a ball and begins rolling!
You enter the shallow water.
Moving in this stuff is going to be slow.
Casting: Poisonous Vapours (dangerous; 43% risk of failure)
Confirm with . or Enter, or press ? or * to list all spells.
You blink.
Casting: Blink (dangerous; 43% risk of failure)
Confirm with . or Enter, or press ? or * to list all spells.
You are still too unstable to blink.
You hit the boulder beetle but do no damage.
The boulder beetle seems to speed up.
You bite the boulder beetle, but do no damage.
The boulder beetle hits you!!!
Ouch! That really hurt!
The boulder beetle stops rolling and uncurls.
You slash the boulder beetle!
The boulder beetle is poisoned.
You bite the boulder beetle, but do no damage.
The boulder beetle is moderately wounded.
You block the boulder beetle's attack. The boulder beetle bites you!
Casting: Blink (dangerous; 43% risk of failure)
Confirm with . or Enter, or press ? or * to list all spells.
You are still too unstable to blink.
Casting: Blink (dangerous; 43% risk of failure)
Confirm with . or Enter, or press ? or * to list all spells.
You are still too unstable to blink.
The boulder beetle leaps!
You feel stable enough to blink again.
You see here 3 large rocks.
The boulder beetle curls into a ball and begins rolling!
Casting: Blink (dangerous; 43% risk of failure)
Confirm with . or Enter, or press ? or * to list all spells.
You miscast Blink.
You are very lightly contaminated with residual magic.
Nothing appears to happen.
The boulder beetle hits you!!!
You die...
Your body crumbles into a pile of gold.

###.# #.# #.#
#.# #.# #.# #.#
#.#### .......#
#.@B.# ..$....#
####°# .......#
..## #○#
.......# ..# #B#
.H.....# P.♣ #°#
.......#
♣≈♣♣##°##
.(T...<#
♣.P♣....##
.!...#
♣≈♣♣♣♣#..#
...#)##♣♣♣♣♣♣≈P♣
♣♣♣.#


You could see a boulder beetle (fast, rolling, poisoned).

Vanquished Creatures
  Erica (D:9)
  3 two-headed ogres
  An ugly thing (D:11)
  A manticore (D:12)
  A cyclops (D:12)
  4 molten gargoyles (D:10)
  A gargoyle (D:11)
  Psyche (D:9)
  An unseen horror (D:10)
  A kobold demonologist (D:11)
  A hornet (D:8)
  2 trolls
  A shadow (D:12)
  Sigmund (D:3)
  9 yaks
  A wyvern (D:7)
  Eustachio (D:6)
  A steam dragon (D:4)
  2 acid dragons
  4 water moccasins
  2 necrophages
  2 sky beasts (D:6)
  A hornet zombie (D:7)
  2 black bears (D:6)
  3 orc warriors
  An ice beast (D:5)
  11 centaurs
  7 ogres
  A phantom (D:7)
  7 kobold brigands
  Blork the orc (D:6)
  4 bullfrogs
  3 scorpions
  A water moccasin zombie (D:5)
  A water moccasin skeleton (D:4)
  14 killer bees
  A lava snake (D:10)
  2 centaur zombies
  4 hounds
  3 jellies
  7 orc priests
  A centaur skeleton (D:6)
  5 iguanas
  9 orc wizards
  2 hound skeletons (D:4)
  A howler monkey zombie (D:6)
  A howler monkey skeleton (D:6)
  9 adders
  5 river rats
  3 white imps
  2 adder skeletons (D:4)
  4 worms
  5 dart slugs
  37 orcs
  17 ball pythons
  5 bats
  14 endoplasms
  5 giant cockroaches
  11 goblins
  9 hobgoblins
  19 jackals
  33 kobolds
  2 quokkas
  8 frilled lizards
  A quokka skeleton (D:4)
  12 rats
336 creatures vanquished.

Vanquished Creatures (collateral kills)
  A kobold demonologist (D:11)
  A troll (D:11)
  2 orc warriors (D:11)
  2 orcs (D:11)
  A kobold (D:11)
7 creatures vanquished.

Vanquished Creatures (others)
  17 plants
17 creatures vanquished.

Grand Total: 360 creatures vanquished

Notes
Turn   | Place    | Note
-------+----------+-------------------------------------------
     0 | D:1      | Reached skill level 10 in Fighting
     0 | D:1      | ZeroWinrate the Gnoll Wanderer began the quest for the Orb.
     0 | D:1      | ZeroWinrate set off with the following items: a +3
                  | falchion, a potion of curing, a +0 leather armour
     0 | D:1      | Reached XP level 1. HP: 29/29 MP: 1/1
   286 | D:1      | Reached XP level 2. HP: 36/36 MP: 2/2
   410 | D:1      | Reached XP level 3. HP: 42/42 MP: 3/3
   546 | D:1      | Found Rap Wamn's Book Boutique.
   855 | D:1      | Reached skill level 1 in Invocations
  1243 | D:1      | Reached skill level 1 in Short Blades
  1243 | D:1      | Reached skill level 1 in Axes
  1243 | D:1      | Reached skill level 1 in Maces & Flails
  1243 | D:1      | Reached skill level 1 in Polearms
  1243 | D:1      | Reached skill level 1 in Staves
  1243 | D:1      | Reached skill level 1 in Slings
  1243 | D:1      | Reached skill level 1 in Bows
  1243 | D:1      | Reached skill level 1 in Crossbows
  1243 | D:1      | Reached skill level 1 in Throwing
  1243 | D:1      | Reached skill level 1 in Armour
  1243 | D:1      | Reached skill level 1 in Dodging
  1243 | D:1      | Reached skill level 1 in Shields
  1243 | D:1      | Reached skill level 1 in Spellcasting
  1243 | D:1      | Reached skill level 1 in Evocations
  1691 | D:2      | Reached XP level 4. HP: 44/48 MP: 5/5
  2221 | D:2      | Found Seemet's Antique Armour Shop.
  2318 | D:2      | Reached skill level 1 in Conjurations
  2318 | D:2      | Reached skill level 1 in Hexes
  2318 | D:2      | Reached skill level 1 in Summonings
  2318 | D:2      | Reached skill level 1 in Necromancy
  2318 | D:2      | Reached skill level 1 in Translocations
  2318 | D:2      | Reached skill level 1 in Transmutations
  2318 | D:2      | Reached skill level 1 in Fire Magic
  2318 | D:2      | Reached skill level 1 in Ice Magic
  2318 | D:2      | Reached skill level 1 in Air Magic
  2318 | D:2      | Reached skill level 1 in Earth Magic
  2318 | D:2      | Reached skill level 1 in Poison Magic
  2603 | D:2      | Found a faded altar of an unknown god.
  2805 | D:3      | Reached XP level 5. HP: 15/54 MP: 6/6
  3074 | D:3      | Found a glowing drain.
  3091 | Sewer    | Entered a sewer
  4075 | D:3      | Noticed Sigmund
  4084 | D:3      | Killed Sigmund
  4085 | D:3      | Reached XP level 6. HP: 39/61 MP: 7/9
  4207 | D:3      | Noticed a steam dragon
  4437 | D:3      | Noticed a water moccasin
  4567 | D:4      | Noticed a necrophage
  4608 | D:4      | Killed a necrophage
  4609 | D:4      | Reached XP level 7. HP: 15/67 MP: 10/10
  4931 | D:2      | Upgraded the game from 0.29-a0-119-g4040846114 to
                  | 0.29-a0-121-g8efb068a30
  5973 | D:3      | Found a radiant altar of Vehumet.
  5973 | D:3      | Found a glowing golden altar of the Shining One.
  6357 | D:4      | Found a staircase to the Ecumenical Temple.
  6508 | Temple   | Entered the Ecumenical Temple
  6656 | Temple   | Became a worshipper of Gozag Ym Sagoz the Greedy
  6757 | D:4      | Reached XP level 8. HP: 74/74 MP: 12/12
  7424 | D:5      | Entered Level 5 of the Dungeon
  7436 | D:5      | Reached skill level 11 in Fighting
  7764 | D:5      | Noticed a troll
  7836 | D:6      | Noticed Eustachio
  7961 | D:6      | Killed Eustachio
  8015 | D:6      | Found an ornate altar of the Wu Jian Council.
  8309 | D:6      | Reached XP level 9. HP: 67/81 MP: 14/14
  8995 | D:6      | Noticed Blork the orc
  9006 | D:6      | Killed Blork the orc
  9316 | D:6      | Reached skill level 5 in Unarmed Combat
  9656 | D:6      | Found a bloodstained altar of Trog.
  9771 | D:7      | Reached skill level 5 in Stealth
 10387 | D:7      | Learned a level 2 spell: Poisonous Vapours
 10711 | D:7      | Learned a level 5 spell: Fireball
 10909 | D:7      | Reached skill level 5 in Invocations
 11310 | D:1      | Bought an Inescapable Atlas for 340 gold pieces
 11316 | D:1      | Learned a level 5 spell: Manifold Assault
 11319 | D:1      | Learned a level 2 spell: Blink
 11459 | D:5      | Killed a troll
 11838 | D:5      | Reached XP level 10. HP: 43/88 MP: 13/17
 12547 | D:4      | Reached skill level 5 in Short Blades
 12547 | D:4      | Reached skill level 5 in Axes
 12547 | D:4      | Reached skill level 5 in Maces & Flails
 12547 | D:4      | Reached skill level 5 in Polearms
 12547 | D:4      | Reached skill level 5 in Staves
 12547 | D:4      | Reached skill level 5 in Slings
 12547 | D:4      | Reached skill level 5 in Bows
 12547 | D:4      | Reached skill level 5 in Crossbows
 12547 | D:4      | Reached skill level 5 in Throwing
 12547 | D:4      | Reached skill level 5 in Armour
 12547 | D:4      | Reached skill level 5 in Dodging
 12547 | D:4      | Reached skill level 5 in Shields
 12547 | D:4      | Reached skill level 5 in Spellcasting
 12547 | D:4      | Reached skill level 5 in Evocations
 13853 | D:5      | Found a shimmering blue altar of Sif Muna.
 14760 | D:8      | Paralysed by a hornet for 2 turns
 15955 | D:9      | Noticed Psyche
 15963 | D:9      | Killed Psyche
 16026 | D:9      | Noticed a two-headed ogre
 16533 | D:9      | Found a runed translucent gate.
 16533 | D:9      | Found a runed translucent gate.
 16534 | D:9      | Found a runed translucent gate.
 16534 | D:9      | Found an opulent altar of Gozag.
 16534 | D:9      | Noticed an obsidian statue
 16540 | D:9      | Noticed a two-headed ogre
 16541 | D:9      | Noticed a death knight
 16567 | D:9      | Noticed Cecur's ghost (novice DsFE)
 16579 | D:9      | Killed a two-headed ogre
 16777 | D:9      | Noticed Erica
 17273 | D:9      | Found a shadowy altar of Dithmenos.
 17617 | D:9      | Reached XP level 11. HP: 95/95 MP: 19/19
 17803 | D:9      | Killed Erica
 17804 | D:9      | Reached skill level 12 in Fighting
 17804 | D:9      | Reached skill level 5 in Conjurations
 17804 | D:9      | Reached skill level 5 in Hexes
 17804 | D:9      | Reached skill level 5 in Summonings
 17804 | D:9      | Reached skill level 5 in Necromancy
 17804 | D:9      | Reached skill level 5 in Translocations
 17804 | D:9      | Reached skill level 5 in Transmutations
 17804 | D:9      | Reached skill level 5 in Fire Magic
 17804 | D:9      | Reached skill level 5 in Ice Magic
 17804 | D:9      | Reached skill level 5 in Air Magic
 17804 | D:9      | Reached skill level 5 in Earth Magic
 17804 | D:9      | Reached skill level 5 in Poison Magic
 18110 | D:10     | Entered Level 10 of the Dungeon
 18122 | D:10     | HP: 2/95 [molten gargoyle/bolt of magma (20)]
 18588 | D:10     | Noticed a two-headed ogre
 18594 | D:10     | Killed a two-headed ogre
 19153 | D:10     | Identified the +9 rapier of Mordant Guile {flame, *Rage
                  | rPois rF+}
 19222 | D:10     | Found a staircase to the Lair.
 19965 | D:11     | Noticed a purple ugly thing
 19982 | D:11     | Killed a purple ugly thing
 20179 | D:11     | Learned a level 4 spell: Animate Armour
 20184 | D:11     | Learned a level 4 spell: Summon Lightning Spire
 20555 | D:11     | Noticed a skeletal warrior
 20556 | D:11     | Noticed an orc knight
 21558 | D:11     | Reached XP level 12. HP: 103/103 MP: 22/22
 22284 | D:12     | Noticed a two-headed ogre
 22292 | D:12     | Killed a two-headed ogre
 22326 | D:12     | Learned a level 1 spell: Freeze
 22614 | Temple   | Bought a brightly glowing plate armour for 728 gold pieces
 22614 | Temple   | Identified the +0 plate armour of Polish {rC+ Str+5 Stlth-}
                  | (You bought it in a shop in the Ecumenical Temple)
 22952 | D:12     | Noticed a boulder beetle
 23242 | D:12     | Slain by a boulder beetle

Illustrated notes

Levels and vault maps discovered:
D:1:      nicolae_arrival_washed_ashore, layout_basic, serial_shops,
          nicolae_shop_crystal, st_stairs_11
D:2:      wad_river_or_something, layout_basic, serial_shops,
          nicolae_shop_competitors_out_of_business, basic_ecumenical_altar,
          minmay_tetromino_s4
D:3:      layout_loops_ring, gammafunk_temple_overflow_statue,
          portal_sewer_entry_e, uniq_sigmund
D:4:      minmay_bubble_buster, layout_gridville,
          minmay_temple_entry_proselytizer, minmay_fractal_squares_gapless_5
D:5:      layout_layer_cave, led_sif_pool
D:6:      layout_basic, general_overflow_altar, bloody_trog, uniq_eustachio,
          uniq_blork_the_orc
D:7:      layout_gridville
D:8:      layout_cave_pods, kennysheep_windowed_goal
D:9:      layout_roguey, grunt_dithmenos_smoke_and_mirrors, ebering_ghost_gozag,
          uniq_psyche, uniq_erica
D:10:     layout_roguey, lair_entry_dummy, minivault_8
D:11:     layout_basic, special_room [special_room_orc],
          chequers_serial_rivers_micro_a, serial_bayou_ford_a,
          minmay_misc_feat_square, lightli_corner_chamber
D:12:     layout_basic, orc_0_dummy, serial_bayou_crossing, uniq_fannar
Temple:   regret_index_temple_sphere_string

Skill      XL: |  1  2  3  4  5  6  7  8  9 10 11 12 |
---------------+-------------------------------------+-----
Fighting       | 11 12 | 12.5
Invocations    | 1 2 3 4 5 6 7 |  7.8
Short Blades   | 1 2 3 4 5 6 7 |  7.1
Axes           | 1 2 3 4 5 6 7 |  7.1
Maces & Flails | 1 2 3 4 5 6 7 |  7.1
Polearms       | 1 2 3 4 5 6 7 |  7.1
Staves         | 1 2 3 4 5 6 7 |  7.1
Slings         | 1 2 3 4 5 6 7 |  7.1
Bows           | 1 2 3 4 5 6 7 |  7.1
Crossbows      | 1 2 3 4 5 6 7 |  7.1
Throwing       | 1 2 3 4 5 6 7 |  7.1
Armour         | 1 2 3 4 5 6 7 |  7.1
Dodging        | 1 2 3 4 5 6 7 |  7.1
Shields        | 1 2 3 4 5 6 7 |  7.1
Spellcasting   | 1 2 3 4 5 6 7 |  7.1
Evocations     | 1 2 3 4 5 6 7 |  7.1
Conjurations   | 1 2 3 4 5 |  5.9
Hexes          | 1 2 3 4 5 |  5.9
Summonings     | 1 2 3 4 5 |  5.9
Necromancy     | 1 2 3 4 5 |  5.9
Translocations | 1 2 3 4 5 |  5.9
Transmutations | 1 2 3 4 5 |  5.9
Fire Magic     | 1 2 3 4 5 |  5.9
Ice Magic      | 1 2 3 4 5 |  5.9
Air Magic      | 1 2 3 4 5 |  5.9
Earth Magic    | 1 2 3 4 5 |  5.9
Poison Magic   | 1 2 3 4 5 |  5.9
Unarmed Combat | 3 4 5 6 7 |  7.6
Stealth        | 3 4 5 6 7 |  7.5
Long Blades    | 7 8 9 |  9.7

Action                   |  1- 3 |  4- 6 |  7- 9 | 10-12 || total
-------------------------+-------+-------+-------+-------++-------
Melee: Falchion          |   108 |   195 |   339 |   429 ||  1071
       Bite              |     8 |    19 |    32 |    53 ||   112
       Punch             |     3 |       |     4 |       ||     7
Throw: Boomerang         |     4 |     5 |     7 |    18 ||    34
       Dart              |       |     8 |    42 |    26 ||    76
       Throwing net      |       |       |       |     1 ||     1
 Cast: Poisonous Vapours |       |       |    24 |    79 ||   103
       Summon Lightning  |       |       |       |     8 ||     8
       Blink             |       |       |       |     2 ||     2
       Animate Armour    |       |       |       |     1 ||     1
Invok: Call Merchant     |       |       |       |     1 ||     1
Evoke: Wand              |       |       |       |    35 ||    35
  Use: Scroll            |       |     7 |     4 |     9 ||    20
       Potion            |       |     1 |     2 |     4 ||     7
 Stab: Sleeping          |     5 |     6 |     5 |     4 ||    20
       Paralysed         |       |       |       |    10 ||    10
       Held in net/web   |       |       |       |     2 ||     2
       Distracted        |       |       |       |     3 ||     3
       Confused          |       |       |       |     1 ||     1
Armor: Leather armour    |    23 |    46 |       |       ||    69
       Robe              |       |     9 |    78 |    43 ||   130
       Plate armour      |       |       |       |    10 ||    10
Dodge: Dodged            |    54 |   126 |   247 |   376 ||   803
Block: Buckler           |       |       |    27 |   113 ||   140

Table legend: (Time is in decaauts)
 A = Elapsed time spent in this place.
 B = Non-inter-level travel time spent in this place.
 C = Inter-level travel time spent in this place.
 D = Time resting spent in this place.
 E = Time spent auto-exploring this place.
 F = Levels seen in this place.
 G = Mean time per level.
                   A        B        C        D        E       F      G
               +--------+--------+--------+--------+--------+-----+--------+
         Total |  23329 |  21159 |   2170 |   6982 |  10415 |  14 | 1666.4 |
       Dungeon |  22232 |  20091 |   2141 |   6725 |   9856 |  12 | 1852.7 |
        Temple |    193 |    164 |     29 |      0 |    127 |   1 |  193.0 |
         Sewer |    904 |    904 |      0 |    257 |    432 |   1 |  904.0 |
               +--------+--------+--------+--------+--------+-----+--------+

Top non-repeatable levels by time:
    D:11: 2423 daAuts
     D:3: 2402 daAuts
     D:8: 2284 daAuts
     D:9: 2190 daAuts
     D:4: 2179 daAuts
     D:5: 2179 daAuts
     D:7: 2018 daAuts
     D:6: 1939 daAuts
     D:1: 1740 daAuts
     D:2: 1453 daAuts
   Sewer: 904 daAuts
    D:10: 861 daAuts
    D:12: 559 daAuts
  Temple: 193 daAuts
